Devils vs Lightning
Created - November 2, 2020 at 07:02
Goals
|
Devils |
0 |
2 |
1 |
3 |
Lightning |
0 |
0 |
1 |
1 |
|
Shots
|
Devils |
16 |
11 |
10 |
37 |
Lightning |
11 |
6 |
5 |
22 |
|
1st period
No Goal
Penalties :
Brad Richardson (NJD) for High sticking (Minor) at 3:43, Matt Donovan (NJD) for Holding (Minor) at 13:45, Rasmus Ristolainen (TB.) for Tripping (Minor) at 19:05
2nd period
1. Devils , Martin Samuelsson 1 (Patrick Kaleta 2, Brad Richards 2) at 3:11
2. Devils , Josh Gorges 2 (Chris Stewart 4, Zach Parise 2) at 15:15 (PP)
Penalties :
Reilly Smith (TB.) for Roughing (Minor) at 10:43, Henrik Zetterberg (TB.) for Roughing (Minor) at 14:33
3rd period
3. Lightning , Mark Scheifele 7 (Jon Merrill 2, Philipp Grubauer) at 2:28
4. Devils , Patrick Kaleta 1 (Anton Stralman 5, Eric Tangradi 1) at 19:18 (Empty Net)
Penalties :
Henrik Zetterberg (TB.) for Tripping (Minor) at 2:52, Jonathan Huberdeau (TB.) for Holding (Minor) at 10:35
Goalie Stats
Maxime Daigneault (NJD), 21 saves from 22 shots - (0.955), W, 3-3-0, 60:00 minutes
Philipp Grubauer (TB.), 34 saves from 36 shots - (0.944), L, 4-1-0, 59:40 minutes
Players Stats for Devils
Player Name G A P +/- PIM S H SB GA TA FO MP PP MP PK MP
------------------------------------------------------------------------------------
Anton Stralman 0 1 1 2 0 0 1 1 1 1 0/0 25:06 3:46 2:18
Brad Richards 0 1 1 2 0 2 2 0 0 0 6/9 16:41 2:13 0:53
Brad Richardson 0 0 0 -1 2 2 1 0 0 0 0/0 8:48 0:47 0:00
Chris Stewart 0 1 1 0 0 2 0 0 0 1 1/1 16:30 2:35 0:00
Eric Tangradi 0 1 1 0 0 0 1 1 0 0 0/0 10:30 0:48 0:53
Jamie Arniel 0 0 0 0 0 4 1 1 0 0 9/12 15:26 0:49 1:11
Josh Gorges 1 0 1 -1 0 3 0 2 0 0 0/0 23:40 4:21 2:18
Kristopher Letang 0 0 0 1 0 1 2 0 1 1 0/0 22:22 3:46 0:54
Marian Gaborik 0 0 0 0 0 0 1 1 3 0 1/1 17:55 5:16 0:00
Martin Samuelsson 1 0 1 1 0 2 2 0 1 0 1/2 14:51 0:00 1:54
Matt Donovan 0 0 0 0 2 1 2 1 0 0 0/0 12:56 0:31 0:46
Michael Del Zotto 0 0 0 -1 0 3 0 2 1 1 0/0 22:14 4:21 1:40
Nazem Kadri 0 0 0 0 0 1 2 1 0 0 11/23 17:53 5:16 0:00
Nick Bonino 0 0 0 -1 0 1 1 0 0 1 5/8 8:14 0:25 0:00
Patrick Kaleta 1 1 2 2 0 4 2 0 2 1 0/0 14:55 0:00 1:54
Thomas Hickey 0 0 0 1 0 1 1 2 0 0 0/0 12:31 0:31 0:00
Tyler Ennis 0 0 0 0 0 7 1 1 0 0 1/2 17:58 5:14 0:00
Zach Parise 0 1 1 0 0 3 0 1 0 0 0/1 17:30 2:31 1:11
Players Stats for Lightning
Player Name G A P +/- PIM S H SB GA TA FO MP PP MP PK MP
------------------------------------------------------------------------------------
Ben Lovejoy 0 0 0 -1 0 1 1 2 0 1 0/0 18:49 1:42 3:26
Brian Flynn 0 0 0 -1 0 0 0 0 0 0 3/5 7:28 0:00 0:12
Clarke MacArthur 0 0 0 -1 0 0 0 0 1 0 0/0 7:20 0:00 0:00
Henrik Zetterberg 0 0 0 0 4 3 1 0 0 0 0/0 14:10 1:59 1:31
Jean-Gabriel Pageau 0 0 0 0 0 1 0 1 0 1 2/10 15:06 1:59 2:51
Jesper Fast 0 0 0 1 0 2 1 0 1 1 0/2 16:36 0:17 0:36
Jon Merrill 0 1 1 1 0 0 1 1 0 0 0/0 26:32 2:16 5:28
Jonathan Huberdeau 0 0 0 -1 2 3 3 0 0 1 2/2 17:38 1:51 0:56
Jordin Tootoo 0 0 0 -1 0 0 0 2 0 0 0/0 7:13 0:09 0:00
Justin Schultz 0 0 0 -1 0 0 0 1 1 0 0/0 18:33 1:42 3:10
Kevin Marshall 0 0 0 -1 0 0 1 1 0 1 0/0 14:33 0:00 0:00
Ladislav Smid 0 0 0 -1 0 1 2 1 0 2 0/0 19:31 0:00 4:27
Linus Omark 0 0 0 1 0 5 0 1 0 0 0/0 15:36 0:00 0:00
Mark Scheifele 1 0 1 -1 0 3 2 2 0 0 13/31 21:36 1:50 5:35
Rasmus Ristolainen 0 0 0 1 2 0 0 1 0 1 0/0 21:23 2:16 0:45
Reilly Smith 0 0 0 0 2 0 2 0 0 0 0/0 12:10 1:59 0:00
Stephen Weiss 0 0 0 1 0 0 1 0 2 0 3/8 15:36 0:00 0:00
Tyler Johnson 0 0 0 -1 0 3 0 0 1 1 1/1 21:27 1:50 5:35
3 Stars
1 - Patrick Kaleta (NJD)
2 - Martin Samuelsson (NJD)
3 - Brad Richards (NJD)
Power Play
Devils - 1 on 5 Attempt(s) - 20.00%
Lightning - 0 on 2 Attempt(s) - 0.00%
Penalty Kill
Devils - 2 on 2 Attempt(s) - 100.00%
- Score 0 goal in Penalty Kill
Lightning - 4 on 5 Attempt(s) - 80.00%
- Score 0 goal in Penalty Kill
Team Stat
Devils - Hits : 20 - Faceoff Wins : 35 - Blocked Shots : 14 - Penalty Minutes : 4
Lightning - Hits : 15 - Faceoff Wins : 24 - Blocked Shots : 13 - Penalty Minutes : 10
Official
Referees : Unknown
Linesman : Unknown
Game Notes
Patrick Kaleta has scored in a empty net!
Finance
Level 1 -- Attendance: 5126 (85.43%) -- Ticket Income $589,490
Level 2 -- Attendance: 4626 (92.52%) -- Ticket Income $296,064
Level 3 -- Attendance: 1492 (74.60%) -- Ticket Income $65,648
Level 4 -- Attendance: 2512 (62.80%) -- Ticket Income $100,480
Luxury Box -- Attendance: 751 (75.10%) -- Ticket Income $161,465
Game was played at the Tampa Bay Stadium.
Total Attendance: 14507 (80.59%)
Total Ticket Income: $1,213,147
Other Income: $181,972
Total Income: $1,395,119
Devils
5 vs 5 Forward
Center Left Wing Right Wing Time % Phy DF OF
1 Nazem Kadri Tyler Ennis Marian Gaborik 36 0 2 3
2 Jamie Arniel Zach Parise Chris Stewart 32 0 2 3
3 Brad Richards Martin Samuelsson Patrick Kaleta 22 0 2 3
4 Nick Bonino Eric Tangradi Brad Richardson 10 0 2 3
5 vs 5 Defense
Defense Defense Time % Phy DF OF
1 Kristopher Letang Anton Stralman 40 0 3 2
2 Michael Del Zotto Josh Gorges 35 0 3 2
3 Thomas Hickey Matt Donovan 25 0 3 2
4 Kristopher Letang Anton Stralman 0 1 2 2
PowerPlay Forward
Center Left Wing Right Wing Time % Phy DF OF
1 Nazem Kadri Tyler Ennis Marian Gaborik 60 0 1 4
2 Brad Richards Zach Parise Chris Stewart 40 0 1 4
PowerPlay Defense
Defense Defense Time % Phy DF OF
1 Kristopher Letang Anton Stralman 60 0 1 4
2 Michael Del Zotto Josh Gorges 40 0 1 4
Penalty Kill 4 Players Forward
Center Wing Time % Phy DF OF
1 Martin Samuelsson Patrick Kaleta 60 1 3 1
2 Jamie Arniel Zach Parise 40 1 3 1
Penalty Kill 4 Players Defense
Defense Defense Time % Phy DF OF
1 Anton Stralman Josh Gorges 60 1 4 0
2 Michael Del Zotto Matt Donovan 40 1 4 0
Penalty Kill - 3 Players Forward
Forward Time % Phy DF OF
1 Zach Parise 60 1 3 1
2 Brad Richards 40 1 3 1
Penalty Kill - 3 Players Defense
Defense Defense Time % Phy DF OF
1 Kristopher Letang Anton Stralman 60 1 4 0
2 Michael Del Zotto Josh Gorges 40 1 4 0
4 vs 4 Forward
Center Wing Time % Phy DF OF
1 Nazem Kadri Tyler Ennis 60 0 2 3
2 Brad Richards Marian Gaborik 40 0 2 3
4 vs 4 Defense
Defense Defense Time % Phy DF OF
1 Kristopher Letang Anton Stralman 60 0 3 2
2 Michael Del Zotto Josh Gorges 40 0 3 2
Last Minutes Offensive
Center Left Wing Right Wing Defense Defense
Nazem Kadri Tyler Ennis Marian Gaborik Kristopher Letang Michael Del Zotto
Last Minutes Defensive
Center Left Wing Right Wing Defense Defense
Jamie Arniel Zach Parise Patrick Kaleta Josh Gorges Anton Stralman
Goaltenders
Starting : Maxime Daigneault
Backup : Thomas McCollum
Extra Forwards
Normal : Brad Richards, Patrick Kaleta, Martin Samuelsson - PP : Jamie Arniel, Patrick Kaleta - PK : Brad Richards
Extra Defensemen
Normal : Thomas Hickey, Matt Donovan, Michael Del Zotto - PP : Thomas Hickey - PK : Kristopher Letang, Thomas Hickey
Penalty Shots
Marian Gaborik, Tyler Ennis, Nazem Kadri, Chris Stewart, Zach Parise
Scratches
Mike Weber (Healthy)
Lightning
5 vs 5 Forward
Center Left Wing Right Wing Time % Phy DF OF
1 Mark Scheifele Jonathan Huberdeau Tyler Johnson 35 1 2 2
2 Jean-Gabriel Pageau Henrik Zetterberg Reilly Smith 30 1 2 2
3 Stephen Weiss Linus Omark Jesper Fast 30 1 2 2
4 Brian Flynn Clarke MacArthur Jordin Tootoo 5 1 2 2
5 vs 5 Defense
Defense Defense Time % Phy DF OF
1 Jon Merrill Rasmus Ristolainen 35 1 2 2
2 Ben Lovejoy Justin Schultz 30 1 2 2
3 Ladislav Smid Kevin Marshall 30 1 2 2
4 Jon Merrill Rasmus Ristolainen 5 1 2 2
PowerPlay Forward
Center Left Wing Right Wing Time % Phy DF OF
1 Mark Scheifele Jonathan Huberdeau Tyler Johnson 60 1 1 3
2 Jean-Gabriel Pageau Henrik Zetterberg Reilly Smith 40 1 1 3
PowerPlay Defense
Defense Defense Time % Phy DF OF
1 Jon Merrill Rasmus Ristolainen 60 1 1 3
2 Justin Schultz Ben Lovejoy 40 1 1 3
Penalty Kill 4 Players Forward
Center Wing Time % Phy DF OF
1 Mark Scheifele Tyler Johnson 60 1 3 1
2 Jean-Gabriel Pageau Henrik Zetterberg 40 1 3 1
Penalty Kill 4 Players Defense
Defense Defense Time % Phy DF OF
1 Ladislav Smid Jon Merrill 60 1 3 1
2 Ben Lovejoy Justin Schultz 40 1 3 1
Penalty Kill - 3 Players Forward
Forward Time % Phy DF OF
1 Tyler Johnson 60 1 3 1
2 Jean-Gabriel Pageau 40 1 3 1
Penalty Kill - 3 Players Defense
Defense Defense Time % Phy DF OF
1 Ladislav Smid Jon Merrill 60 1 3 1
2 Ben Lovejoy Justin Schultz 40 1 3 1
4 vs 4 Forward
Center Wing Time % Phy DF OF
1 Mark Scheifele Tyler Johnson 60 1 2 2
2 Jean-Gabriel Pageau Reilly Smith 40 1 2 2
4 vs 4 Defense
Defense Defense Time % Phy DF OF
1 Jon Merrill Rasmus Ristolainen 60 1 2 2
2 Jon Merrill Justin Schultz 40 1 2 2
Last Minutes Offensive
Center Left Wing Right Wing Defense Defense
Mark Scheifele Jonathan Huberdeau Tyler Johnson Rasmus Ristolainen Justin Schultz
Last Minutes Defensive
Center Left Wing Right Wing Defense Defense
Jean-Gabriel Pageau Henrik Zetterberg Tyler Johnson Ben Lovejoy Jon Merrill
Goaltenders
Starting : Philipp Grubauer
Backup : Jhonas Enroth
Extra Forwards
Normal : Clarke MacArthur, Linus Omark, Jonathan Huberdeau - PP : Jesper Fast, Jordin Tootoo - PK : Jesper Fast
Extra Defensemen
Normal : Jon Merrill, Rasmus Ristolainen, Justin Schultz - PP : Ladislav Smid - PK : Justin Schultz, Kevin Marshall
Penalty Shots
Mark Scheifele, Tyler Johnson, Reilly Smith, Henrik Zetterberg, Justin Schultz
Scratches
Cody Goloubef (Healthy)
% Time on Ice - Devils
Lines # - Real PCT - Wanted PCT - Time Play
Normal Forward
1 - 27% - 36% - 12:52
2 - 31% - 32% - 14:29
3 - 26% - 22% - 12:23
4 - 15% - 10% - 7:13
Normal Defense
1 - 40% - 40% - 18:35
2 - 36% - 35% - 16:43
3 - 25% - 25% - 11:39
4 - 0% - 0% - 0:00
PP Forward
1 - 72% - 60% - 6:13
2 - 28% - 40% - 2:25
PP Defense
1 - 44% - 60% - 3:46
2 - 56% - 40% - 4:52
PK Forward
1 - 70% - 60% - 2:47
2 - 30% - 40% - 1:11
PK Defense
1 - 58% - 60% - 2:18
2 - 42% - 40% - 1:40
PK3 Forward
1 - 0% - 60%
2 - 0% - 40%
PK3 Defense
1 - 0% - 60%
2 - 0% - 40%
44 Forward
1 - 0% - 60%
2 - 0% - 40%
44 Defense
1 - 0% - 60%
2 - 0% - 40%
Last Minute Offensive - 0:00
Last Minute Defensive - 0:27
Total
Forward - 60:00
Defense - 60:00
|
% Time on Ice - Lightning
Lines # - Real PCT - Wanted PCT - Time Play
Normal Forward
1 - 30% - 35% - 13:53
2 - 22% - 30% - 10:32
3 - 33% - 30% - 15:36
4 - 15% - 5% - 6:57
Normal Defense
1 - 39% - 35% - 18:12
2 - 29% - 30% - 13:51
3 - 30% - 30% - 14:07
4 - 2% - 5% - 0:48
PP Forward
1 - 50% - 60% - 1:59
2 - 50% - 40% - 1:59
PP Defense
1 - 57% - 60% - 2:16
2 - 43% - 40% - 1:42
PK Forward
1 - 70% - 60% - 6:02
2 - 30% - 40% - 2:36
PK Defense
1 - 55% - 60% - 4:43
2 - 45% - 40% - 3:55
PK3 Forward
1 - 0% - 60%
2 - 0% - 40%
PK3 Defense
1 - 0% - 60%
2 - 0% - 40%
44 Forward
1 - 0% - 60%
2 - 0% - 40%
44 Defense
1 - 0% - 60%
2 - 0% - 40%
Last Minute Offensive - 0:26
Last Minute Defensive - 0:00
Total
Forward - 60:00
Defense - 60:00
|
Play-by-Play
1st period
0:01 of 1st period - Mark Scheifele wins face-off versus Nazem Kadri in neutral zone.
0:08 of 1st period - Slapshot by Mark Scheifele.
0:08 of 1st period - Stopped by Maxime Daigneault without a rebound.
0:09 of 1st period - Nazem Kadri wins face-off versus Mark Scheifele in Devils zone.
0:28 of 1st period - Snap shot by Tyler Ennis.
0:28 of 1st period - Stopped by Philipp Grubauer without a rebound.
0:29 of 1st period - Jamie Arniel wins face-off versus Jean-Gabriel Pageau in Lightning zone.
0:58 of 1st period - Icing by Jesper Fast.
0:59 of 1st period - Brad Richards wins face-off versus Stephen Weiss in Lightning zone.
1:10 of 1st period - Backhand shot by Brad Richards.
1:10 of 1st period - Shot Misses the Net.
1:16 of 1st period - Ladislav Smid is hit by Brad Richards and loses puck.
1:23 of 1st period - Matt Donovan is hit by Ladislav Smid and loses puck.
1:30 of 1st period - Slapshot by Linus Omark.
1:30 of 1st period - Shot Blocked by Thomas Hickey.
2:12 of 1st period - Slapshot by Stephen Weiss.
2:12 of 1st period - Deflect By Linus Omark.
2:12 of 1st period - Shot Blocked by Thomas Hickey.
2:12 of 1st period - Puck is out of play.
2:13 of 1st period - Jamie Arniel wins face-off versus Jean-Gabriel Pageau in Devils zone.
2:28 of 1st period - Snap shot by Henrik Zetterberg.
2:28 of 1st period - Stopped by Maxime Daigneault without a rebound.
2:29 of 1st period - Mark Scheifele wins face-off versus Nazem Kadri in Devils zone.
3:05 of 1st period - Backhand shot by Zach Parise.
3:05 of 1st period - Shot Misses the Net.
3:07 of 1st period - Snap shot by Jamie Arniel.
3:07 of 1st period - Stopped by Philipp Grubauer with a rebound.
3:20 of 1st period - Off-side.
3:21 of 1st period - Nick Bonino wins face-off versus Mark Scheifele in neutral zone.
3:24 of 1st period - Mark Scheifele is hit by Eric Tangradi and loses puck.
3:43 of 1st period - Minor Penalty to Brad Richardson for High sticking.
3:44 of 1st period - Mark Scheifele wins face-off versus Martin Samuelsson in Devils zone.
5:41 of 1st period - Icing by Reilly Smith.
5:42 of 1st period - Brad Richards wins face-off versus Jean-Gabriel Pageau in Lightning zone.
5:43 of 1st period - Penalty to Brad Richardson is over, Brad Richardson is back on ice.
5:45 of 1st period - Wrist shot by Eric Tangradi.
5:45 of 1st period - Shot Blocked by Jean-Gabriel Pageau.
6:01 of 1st period - Wrist shot by Linus Omark.
6:01 of 1st period - Shot Blocked by Anton Stralman.
6:03 of 1st period - Slapshot by Stephen Weiss.
6:03 of 1st period - Shot Misses the Net.
6:18 of 1st period - Icing by Anton Stralman.
6:19 of 1st period - Brian Flynn wins face-off versus Nazem Kadri in Devils zone.
6:36 of 1st period - Wrist shot by Tyler Ennis.
6:36 of 1st period - Stopped by Philipp Grubauer with a rebound.
6:48 of 1st period - Slapshot by Tyler Ennis.
6:48 of 1st period - Stopped by Philipp Grubauer with a rebound.
6:50 of 1st period - Snap shot by Tyler Ennis.
6:50 of 1st period - Stopped by Philipp Grubauer without a rebound.
6:51 of 1st period - Jamie Arniel wins face-off versus Mark Scheifele in Lightning zone.
7:41 of 1st period - Ladislav Smid is hit by Brad Richardson and loses puck.
8:28 of 1st period - Slapshot by Tyler Ennis.
8:28 of 1st period - Stopped by Philipp Grubauer with a rebound.
9:03 of 1st period - Slapshot by Brad Richardson.
9:03 of 1st period - Stopped by Philipp Grubauer without a rebound.
9:04 of 1st period - Nick Bonino wins face-off versus Stephen Weiss in Lightning zone.
9:09 of 1st period - Snap shot by Nick Bonino.
9:09 of 1st period - Deflect By Eric Tangradi.
9:09 of 1st period - Shot Misses the Net.
9:09 of 1st period - Puck is out of play.
9:10 of 1st period - Nick Bonino wins face-off versus Mark Scheifele in Lightning zone.
9:19 of 1st period - Snap shot by Nick Bonino.
9:19 of 1st period - Stopped by Philipp Grubauer without a rebound.
9:20 of 1st period - Jamie Arniel wins face-off versus Mark Scheifele in Lightning zone.
9:21 of 1st period - Snap shot by Chris Stewart.
9:21 of 1st period - Stopped by Philipp Grubauer without a rebound.
9:22 of 1st period - Mark Scheifele wins face-off versus Zach Parise in Lightning zone.
9:51 of 1st period - Wrist shot by Brad Richards.
9:51 of 1st period - Shot Misses the Net.
9:53 of 1st period - Slapshot by Josh Gorges.
9:53 of 1st period - Stopped by Philipp Grubauer with a rebound.
9:55 of 1st period - Slapshot by Josh Gorges.
9:55 of 1st period - Deflect By Tyler Johnson.
9:55 of 1st period - Stopped by Philipp Grubauer without a rebound.
9:56 of 1st period - Brad Richards wins face-off versus Jean-Gabriel Pageau in Lightning zone.
10:03 of 1st period - Snap shot by Martin Samuelsson.
10:03 of 1st period - Stopped by Philipp Grubauer with a rebound.
10:25 of 1st period - Snap shot by Brad Richards.
10:25 of 1st period - Stopped by Philipp Grubauer with a rebound.
10:27 of 1st period - Slapshot by Michael Del Zotto.
10:27 of 1st period - Stopped by Philipp Grubauer with a rebound.
10:41 of 1st period - Snap shot by Jean-Gabriel Pageau.
10:41 of 1st period - Shot Blocked by Michael Del Zotto.
10:55 of 1st period - Snap shot by Jean-Gabriel Pageau.
10:55 of 1st period - Stopped by Maxime Daigneault without a rebound.
10:56 of 1st period - Nazem Kadri wins face-off versus Mark Scheifele in Devils zone.
11:11 of 1st period - Slapshot by Tyler Ennis.
11:11 of 1st period - Stopped by Philipp Grubauer without a rebound.
11:12 of 1st period - Jamie Arniel wins face-off versus Stephen Weiss in Lightning zone.
11:39 of 1st period - Michael Del Zotto is hit by Mark Scheifele and loses puck.
12:46 of 1st period - Jesper Fast is hit by Marian Gaborik and loses puck.
12:51 of 1st period - Wrist shot by Marian Gaborik.
12:51 of 1st period - Deflect By Tyler Ennis.
12:51 of 1st period - Shot Misses the Net.
12:51 of 1st period - Puck is out of play.
12:52 of 1st period - Nazem Kadri wins face-off versus Mark Scheifele in Lightning zone.
12:59 of 1st period - Snap shot by Rasmus Ristolainen.
12:59 of 1st period - Deflect By Jonathan Huberdeau.
12:59 of 1st period - Stopped by Maxime Daigneault without a rebound.
13:00 of 1st period - Jamie Arniel wins face-off versus Mark Scheifele in Devils zone.
13:09 of 1st period - Mark Scheifele is hit by Matt Donovan and loses puck.
13:38 of 1st period - Snap shot by Tyler Johnson.
13:38 of 1st period - Stopped by Maxime Daigneault with a rebound.
13:40 of 1st period - Slapshot by Rasmus Ristolainen.
13:40 of 1st period - Shot Misses the Net.
13:45 of 1st period - Minor Penalty to Matt Donovan for Holding.
13:46 of 1st period - Martin Samuelsson wins face-off versus Jean-Gabriel Pageau in Devils zone.
15:38 of 1st period - Off-side.
15:39 of 1st period - Brad Richards wins face-off versus Jesper Fast in neutral zone.
15:45 of 1st period - Penalty to Matt Donovan is over, Matt Donovan is back on ice.
15:58 of 1st period - Michael Del Zotto is hit by Ben Lovejoy and loses puck.
16:05 of 1st period - Justin Schultz is hit by Tyler Ennis and loses puck.
17:02 of 1st period - Backhand shot by Tyler Johnson.
17:02 of 1st period - Shot Misses the Net.
17:04 of 1st period - Slapshot by Ladislav Smid.
17:04 of 1st period - Stopped by Maxime Daigneault with a rebound.
17:06 of 1st period - Wrist shot by Jonathan Huberdeau.
17:06 of 1st period - Deflect By Mark Scheifele.
17:06 of 1st period - Shot Blocked by Eric Tangradi.
17:06 of 1st period - Puck is out of play.
17:07 of 1st period - Stephen Weiss wins face-off versus Nazem Kadri in Devils zone.
17:18 of 1st period - Slapshot by Linus Omark.
17:18 of 1st period - Stopped by Maxime Daigneault with a rebound.
17:37 of 1st period - Wrist shot by Jonathan Huberdeau.
17:37 of 1st period - Stopped by Maxime Daigneault without a rebound.
17:38 of 1st period - Jamie Arniel wins face-off versus Jean-Gabriel Pageau in Devils zone.
17:45 of 1st period - Wrist shot by Henrik Zetterberg.
17:45 of 1st period - Stopped by Maxime Daigneault with a rebound.
17:47 of 1st period - Slapshot by Ben Lovejoy.
17:47 of 1st period - Shot Misses the Net.
17:49 of 1st period - Wrist shot by Henrik Zetterberg.
17:49 of 1st period - Stopped by Maxime Daigneault with a rebound.
17:51 of 1st period - Slapshot by Jean-Gabriel Pageau.
17:51 of 1st period - Shot Blocked by Josh Gorges.
17:53 of 1st period - Wrist shot by Henrik Zetterberg.
17:53 of 1st period - Shot Misses the Net.
17:55 of 1st period - Snap shot by Jean-Gabriel Pageau.
17:55 of 1st period - Deflect By Henrik Zetterberg.
17:55 of 1st period - Shot Misses the Net.
17:55 of 1st period - Puck is out of play.
17:56 of 1st period - Tyler Ennis wins face-off versus Stephen Weiss in Devils zone.
18:31 of 1st period - Wrist shot by Mark Scheifele.
18:31 of 1st period - Stopped by Maxime Daigneault with a rebound.
19:05 of 1st period - Minor Penalty to Rasmus Ristolainen for Tripping.
19:06 of 1st period - Mark Scheifele wins face-off versus Nazem Kadri in Lightning zone.
19:41 of 1st period - Wrist shot by Zach Parise.
19:41 of 1st period - Stopped by Philipp Grubauer with a rebound.
19:43 of 1st period - Slapshot by Chris Stewart.
19:43 of 1st period - Shot Blocked by Jon Merrill.
Goals for this period are 0 for Devils vs 0 for Lightning .
Shots for this period are 16 for Devils vs 11 for Lightning .
2nd period
0:01 of 2nd period - Nazem Kadri wins face-off versus Mark Scheifele in neutral zone.
0:30 of 2nd period - Tyler Johnson is hit by Brad Richards and loses puck.
0:55 of 2nd period - Snap shot by Henrik Zetterberg.
0:55 of 2nd period - Shot Blocked by Tyler Ennis.
1:05 of 2nd period - Penalty to Rasmus Ristolainen is over, Rasmus Ristolainen is back on ice.
1:10 of 2nd period - Off-side.
1:11 of 2nd period - Stephen Weiss wins face-off versus Nick Bonino in neutral zone.
1:22 of 2nd period - Snap shot by Stephen Weiss.
1:22 of 2nd period - Deflect By Jesper Fast.
1:22 of 2nd period - Stopped by Maxime Daigneault with a rebound.
1:24 of 2nd period - Snap shot by Jesper Fast.
1:24 of 2nd period - Stopped by Maxime Daigneault with a rebound.
1:38 of 2nd period - Jean-Gabriel Pageau is hit by Jamie Arniel and loses puck.
1:57 of 2nd period - Icing by Jon Merrill.
1:58 of 2nd period - Marian Gaborik wins face-off versus Mark Scheifele in Lightning zone.
2:07 of 2nd period - Slapshot by Mark Scheifele.
2:07 of 2nd period - Shot Misses the Net.
2:33 of 2nd period - Snap shot by Linus Omark.
2:33 of 2nd period - Stopped by Maxime Daigneault with a rebound.
2:49 of 2nd period - Snap shot by Patrick Kaleta.
2:49 of 2nd period - Stopped by Philipp Grubauer with a rebound.
2:51 of 2nd period - Snap shot by Anton Stralman.
2:51 of 2nd period - Deflect By Patrick Kaleta.
2:51 of 2nd period - Stopped by Philipp Grubauer without a rebound.
2:52 of 2nd period - Brad Richards wins face-off versus Brian Flynn in Lightning zone.
2:53 of 2nd period - Slapshot by Kristopher Letang.
2:53 of 2nd period - Shot Misses the Net.
3:01 of 2nd period - Wrist shot by Patrick Kaleta.
3:01 of 2nd period - Shot Misses the Net.
3:09 of 2nd period - Snap shot by Patrick Kaleta.
3:09 of 2nd period - Shot Misses the Net.
3:11 of 2nd period - Backhand shot by Martin Samuelsson.
3:11 of 2nd period - Goal by Martin Samuelsson - Devils : 1 - Lightning : 0.
3:12 of 2nd period - Nazem Kadri wins face-off versus Mark Scheifele in neutral zone.
3:17 of 2nd period - Tyler Johnson is hit by Nazem Kadri and loses puck.
4:02 of 2nd period - Chris Stewart is hit by Stephen Weiss and loses puck.
4:11 of 2nd period - Slapshot by Rasmus Ristolainen.
4:11 of 2nd period - Shot Misses the Net.
5:23 of 2nd period - Off-side.
5:24 of 2nd period - Chris Stewart wins face-off versus Jean-Gabriel Pageau in neutral zone.
5:37 of 2nd period - Snap shot by Henrik Zetterberg.
5:37 of 2nd period - Shot Misses the Net.
5:49 of 2nd period - Slapshot by Tyler Ennis.
5:49 of 2nd period - Shot Blocked by Justin Schultz.
5:51 of 2nd period - Snap shot by Tyler Ennis.
5:51 of 2nd period - Shot Blocked by Ben Lovejoy.
5:53 of 2nd period - Slapshot by Anton Stralman.
5:53 of 2nd period - Shot Misses the Net.
5:55 of 2nd period - Snap shot by Kristopher Letang.
5:55 of 2nd period - Deflect By Nazem Kadri.
5:55 of 2nd period - Shot Misses the Net.
5:55 of 2nd period - Puck is out of play.
5:56 of 2nd period - Nazem Kadri wins face-off versus Stephen Weiss in Lightning zone.
6:58 of 2nd period - Snap shot by Brad Richards.
6:58 of 2nd period - Shot Misses the Net.
7:04 of 2nd period - Patrick Kaleta is hit by Kevin Marshall and loses puck.
7:43 of 2nd period - Wrist shot by Patrick Kaleta.
7:43 of 2nd period - Stopped by Philipp Grubauer with a rebound.
8:20 of 2nd period - Brad Richards is hit by Jesper Fast and loses puck.
8:41 of 2nd period - Slapshot by Patrick Kaleta.
8:41 of 2nd period - Shot Misses the Net.
10:13 of 2nd period - Wrist shot by Linus Omark.
10:13 of 2nd period - Stopped by Maxime Daigneault without a rebound.
10:14 of 2nd period - Mark Scheifele wins face-off versus Nazem Kadri in Devils zone.
10:41 of 2nd period - Snap shot by Jamie Arniel.
10:41 of 2nd period - Stopped by Philipp Grubauer with a rebound.
10:43 of 2nd period - Minor Penalty to Reilly Smith for Roughing.
10:44 of 2nd period - Nazem Kadri wins face-off versus Mark Scheifele in Lightning zone.
12:07 of 2nd period - Rasmus Ristolainen is hit by Nazem Kadri and loses puck.
12:40 of 2nd period - Ben Lovejoy is hit by Matt Donovan and loses puck.
12:43 of 2nd period - Penalty to Reilly Smith is over, Reilly Smith is back on ice.
12:56 of 2nd period - Jordin Tootoo is hit by Thomas Hickey and loses puck.
14:33 of 2nd period - Minor Penalty to Henrik Zetterberg for Roughing.
14:34 of 2nd period - Nazem Kadri wins face-off versus Mark Scheifele in Lightning zone.
14:35 of 2nd period - Wrist shot by Tyler Ennis.
14:35 of 2nd period - Stopped by Philipp Grubauer with a rebound.
15:13 of 2nd period - Wrist shot by Chris Stewart.
15:13 of 2nd period - Shot Misses the Net.
15:15 of 2nd period - Wrist shot by Josh Gorges.
15:15 of 2nd period - Goal by Josh Gorges - Devils : 2 - Lightning : 0.
15:16 of 2nd period - Mark Scheifele wins face-off versus Jamie Arniel in neutral zone.
15:23 of 2nd period - Wrist shot by Mark Scheifele.
15:23 of 2nd period - Shot Blocked by Josh Gorges.
15:25 of 2nd period - Slapshot by Jonathan Huberdeau.
15:25 of 2nd period - Shot Misses the Net.
15:27 of 2nd period - Backhand shot by Jonathan Huberdeau.
15:27 of 2nd period - Stopped by Maxime Daigneault without a rebound.
15:28 of 2nd period - Jonathan Huberdeau wins face-off versus Tyler Ennis in Devils zone.
15:48 of 2nd period - Michael Del Zotto is hit by Mark Scheifele and loses puck.
16:07 of 2nd period - Slapshot by Michael Del Zotto.
16:07 of 2nd period - Stopped by Philipp Grubauer with a rebound.
16:09 of 2nd period - Wrist shot by Josh Gorges.
16:09 of 2nd period - Shot Misses the Net.
16:13 of 2nd period - Snap shot by Jamie Arniel.
16:13 of 2nd period - Stopped by Philipp Grubauer without a rebound.
16:14 of 2nd period - Stephen Weiss wins face-off versus Nick Bonino in Lightning zone.
16:14 of 2nd period - Stephen Weiss is hit by Nick Bonino.
16:58 of 2nd period - Wrist shot by Tyler Johnson.
16:58 of 2nd period - Stopped by Maxime Daigneault with a rebound.
17:08 of 2nd period - Anton Stralman is hit by Ladislav Smid and loses puck.
17:23 of 2nd period - Wrist shot by Tyler Ennis.
17:23 of 2nd period - Shot Misses the Net.
17:25 of 2nd period - Snap shot by Thomas Hickey.
17:25 of 2nd period - Shot Blocked by Jordin Tootoo.
17:27 of 2nd period - Slapshot by Thomas Hickey.
17:27 of 2nd period - Stopped by Philipp Grubauer without a rebound.
17:28 of 2nd period - Jamie Arniel wins face-off versus Mark Scheifele in Lightning zone.
17:31 of 2nd period - Wrist shot by Zach Parise.
17:31 of 2nd period - Stopped by Philipp Grubauer with a rebound.
18:35 of 2nd period - Jordin Tootoo is hit by Kristopher Letang and loses puck.
18:42 of 2nd period - Jordin Tootoo is hit by Kristopher Letang and loses puck.
Goals for this period are 2 for Devils vs 0 for Lightning .
Shots for this period are 11 for Devils vs 6 for Lightning .
3rd period
0:01 of 3rd period - Mark Scheifele wins face-off versus Nazem Kadri in neutral zone.
0:04 of 3rd period - Kristopher Letang is hit by Jon Merrill and loses puck.
0:26 of 3rd period - Reilly Smith is hit by Anton Stralman and loses puck.
1:32 of 3rd period - Wrist shot by Marian Gaborik.
1:32 of 3rd period - Shot Blocked by Jordin Tootoo.
1:34 of 3rd period - Snap shot by Matt Donovan.
1:34 of 3rd period - Stopped by Philipp Grubauer without a rebound.
1:35 of 3rd period - Jean-Gabriel Pageau wins face-off versus Jamie Arniel in Lightning zone.
2:08 of 3rd period - Snap shot by Nazem Kadri.
2:08 of 3rd period - Shot Blocked by Rasmus Ristolainen.
2:28 of 3rd period - Slapshot by Mark Scheifele.
2:28 of 3rd period - Goal by Mark Scheifele - Devils : 2 - Lightning : 1.
2:29 of 3rd period - Jonathan Huberdeau wins face-off versus Nazem Kadri in neutral zone.
2:43 of 3rd period - Icing by Tyler Ennis.
2:44 of 3rd period - Nazem Kadri wins face-off versus Jean-Gabriel Pageau in Devils zone.
2:49 of 3rd period - Snap shot by Kristopher Letang.
2:49 of 3rd period - Stopped by Philipp Grubauer without a rebound.
2:50 of 3rd period - Jean-Gabriel Pageau wins face-off versus Nazem Kadri in Lightning zone.
2:52 of 3rd period - Minor Penalty to Henrik Zetterberg for Tripping.
2:53 of 3rd period - Nazem Kadri wins face-off versus Mark Scheifele in Lightning zone.
3:03 of 3rd period - Wrist shot by Tyler Ennis.
3:03 of 3rd period - Shot Blocked by Mark Scheifele.
3:09 of 3rd period - Backhand shot by Jon Merrill.
3:09 of 3rd period - Shot Misses the Net.
3:31 of 3rd period - Snap shot by Jean-Gabriel Pageau.
3:31 of 3rd period - Shot Misses the Net.
4:52 of 3rd period - Penalty to Henrik Zetterberg is over, Henrik Zetterberg is back on ice.
5:17 of 3rd period - Brian Flynn is hit by Patrick Kaleta and loses puck.
5:55 of 3rd period - Icing by Rasmus Ristolainen.
5:56 of 3rd period - Brian Flynn wins face-off versus Jamie Arniel in Lightning zone.
6:17 of 3rd period - Wrist shot by Linus Omark.
6:17 of 3rd period - Stopped by Maxime Daigneault with a rebound.
6:19 of 3rd period - Backhand shot by Jesper Fast.
6:19 of 3rd period - Shot Blocked by Matt Donovan.
6:21 of 3rd period - Slapshot by Rasmus Ristolainen.
6:21 of 3rd period - Shot Misses the Net.
6:39 of 3rd period - Snap shot by Brad Richardson.
6:39 of 3rd period - Stopped by Philipp Grubauer with a rebound.
6:43 of 3rd period - Snap shot by Nick Bonino.
6:43 of 3rd period - Shot Misses the Net.
6:53 of 3rd period - Jamie Arniel is hit by Jonathan Huberdeau and loses puck.
7:28 of 3rd period - Marian Gaborik is hit by Reilly Smith.
8:04 of 3rd period - Snap shot by Ben Lovejoy.
8:04 of 3rd period - Stopped by Maxime Daigneault without a rebound.
8:05 of 3rd period - Brian Flynn wins face-off versus Nick Bonino in Devils zone.
8:24 of 3rd period - Snap shot by Brad Richardson.
8:24 of 3rd period - Shot Misses the Net.
8:49 of 3rd period - Slapshot by Michael Del Zotto.
8:49 of 3rd period - Stopped by Philipp Grubauer without a rebound.
8:50 of 3rd period - Mark Scheifele wins face-off versus Nazem Kadri in Lightning zone.
8:59 of 3rd period - Snap shot by Mark Scheifele.
8:59 of 3rd period - Deflect By Tyler Johnson.
8:59 of 3rd period - Stopped by Maxime Daigneault with a rebound.
9:01 of 3rd period - Wrist shot by Tyler Johnson.
9:01 of 3rd period - Shot Blocked by Nazem Kadri.
9:07 of 3rd period - Snap shot by Mark Scheifele.
9:07 of 3rd period - Shot Blocked by Marian Gaborik.
9:29 of 3rd period - Slapshot by Jamie Arniel.
9:29 of 3rd period - Stopped by Philipp Grubauer with a rebound.
9:31 of 3rd period - Slapshot by Anton Stralman.
9:31 of 3rd period - Shot Blocked by Ben Lovejoy.
10:03 of 3rd period - Off-side.
10:04 of 3rd period - Nick Bonino wins face-off versus Mark Scheifele in neutral zone.
10:10 of 3rd period - Icing by Jonathan Huberdeau.
10:11 of 3rd period - Mark Scheifele wins face-off versus Nazem Kadri in Lightning zone.
10:35 of 3rd period - Minor Penalty to Jonathan Huberdeau for Holding.
10:36 of 3rd period - Nazem Kadri wins face-off versus Mark Scheifele in Lightning zone.
11:16 of 3rd period - Slapshot by Anton Stralman.
11:16 of 3rd period - Shot Misses the Net.
11:30 of 3rd period - Snap shot by Nazem Kadri.
11:30 of 3rd period - Shot Misses the Net.
11:32 of 3rd period - Snap shot by Nazem Kadri.
11:32 of 3rd period - Shot Blocked by Ladislav Smid.
11:34 of 3rd period - Snap shot by Tyler Ennis.
11:34 of 3rd period - Shot Misses the Net.
11:36 of 3rd period - Snap shot by Nazem Kadri.
11:36 of 3rd period - Stopped by Philipp Grubauer without a rebound.
11:37 of 3rd period - Mark Scheifele wins face-off versus Brad Richards in Lightning zone.
11:51 of 3rd period - Off-side.
11:52 of 3rd period - Tyler Johnson wins face-off versus Brad Richards in neutral zone.
11:55 of 3rd period - Slapshot by Justin Schultz.
11:55 of 3rd period - Shot Misses the Net.
12:35 of 3rd period - Penalty to Jonathan Huberdeau is over, Jonathan Huberdeau is back on ice.
13:32 of 3rd period - Jamie Arniel is hit by Henrik Zetterberg and loses puck.
14:12 of 3rd period - Stephen Weiss is hit by Patrick Kaleta and loses puck.
14:30 of 3rd period - Off-side.
14:31 of 3rd period - Nick Bonino wins face-off versus Brian Flynn in neutral zone.
14:56 of 3rd period - Anton Stralman is hit by Jonathan Huberdeau.
15:16 of 3rd period - Snap shot by Marian Gaborik.
15:16 of 3rd period - Shot Blocked by Kevin Marshall.
15:18 of 3rd period - Snap shot by Chris Stewart.
15:18 of 3rd period - Stopped by Philipp Grubauer with a rebound.
15:20 of 3rd period - Snap shot by Jamie Arniel.
15:20 of 3rd period - Deflect By Zach Parise.
15:20 of 3rd period - Stopped by Philipp Grubauer without a rebound.
15:21 of 3rd period - Jamie Arniel wins face-off versus Jesper Fast in Lightning zone.
16:44 of 3rd period - Slapshot by Linus Omark.
16:44 of 3rd period - Stopped by Maxime Daigneault with a rebound.
17:08 of 3rd period - Slapshot by Jon Merrill.
17:08 of 3rd period - Shot Blocked by Jamie Arniel.
17:14 of 3rd period - Wrist shot by Jesper Fast.
17:14 of 3rd period - Shot Blocked by Zach Parise.
17:33 of 3rd period - Slapshot by Chris Stewart.
17:33 of 3rd period - Shot Blocked by Linus Omark.
17:47 of 3rd period - Slapshot by Rasmus Ristolainen.
17:47 of 3rd period - Deflect By Linus Omark.
17:47 of 3rd period - Shot Blocked by Michael Del Zotto.
17:47 of 3rd period - Puck is out of play.
17:48 of 3rd period - Brad Richards wins face-off versus Mark Scheifele in Devils zone.
17:55 of 3rd period - Kevin Marshall is hit by Martin Samuelsson and loses puck.
18:02 of 3rd period - Snap shot by Brad Richards.
18:02 of 3rd period - Shot Blocked by Mark Scheifele.
18:11 of 3rd period - Icing by Kevin Marshall.
18:12 of 3rd period - Mark Scheifele wins face-off versus Nazem Kadri in Lightning zone.
18:39 of 3rd period - Martin Samuelsson is hit by Jonathan Huberdeau.
18:58 of 3rd period - Lightning , Philipp Grubauer is pulled from the net.
19:04 of 3rd period - Snap shot by Mark Scheifele.
19:04 of 3rd period - Shot Misses the Net.
19:18 of 3rd period - Snap shot by Patrick Kaleta.
19:18 of 3rd period - Goal by Patrick Kaleta - Devils : 3 - Lightning : 1.
19:18 of 3rd period - Philipp Grubauer from Lightning was sent back in the game.
19:19 of 3rd period - Mark Scheifele wins face-off versus Brad Richards in neutral zone.
19:26 of 3rd period - Wrist shot by Brad Richards.
19:26 of 3rd period - Stopped by Philipp Grubauer with a rebound.
19:43 of 3rd period - Justin Schultz is hit by Martin Samuelsson and loses puck.
19:56 of 3rd period - Anton Stralman is hit by Reilly Smith and loses puck.
Goals for this period are 1 for Devils vs 1 for Lightning .
Shots for this period are 10 for Devils vs 5 for Lightning .